Description

Standard Opening vs Terran or X Very focused on the economy Adapt the Spores crawler and the Baneling Nest to your needs

VOD

https://www.youtube.com/watch?v=DdHJUSEDaGg&t=129s

Build Order

Get SALT Encoding   

  13  0:15  Overlord  
  17  0:53  Hatchery  
  18  1:05  Extractor  
  17  1:16  Spawning Pool @Extractor   
  19  1:33  Overlord  
  20  2:00  Metabolic Boost, Zergling, Queen x2 take out 2 drones from the extractor  
  32  2:46  Queen x2  
  36  2:50  Overlord x2  
  46  3:30  Hatchery 2 drones return to the extractor  
  45  3:40  Spore Crawler, Zergling x4  
  48  3:52  Overlord x2  
  52  4:17  Lair  
  52  4:30  Evolution Chamber x2  
  50  4:32  Queen  
  52  4:35  Baneling Nest  
  61  4:58  Zerg Ground Armor Level 1  
  61  5:00  Zerg Melee Weapons Level 1, Extractor  
Spawning Tool Build Advisor. Get it on Overwolf

Go to:

Details

  • Created by: Over
  • Published on: Feb 19, 2018
  • Modified on: Aug 20, 2023
  • Patch: 4.0.0
  • Difficulty: Easy
Show
View Real Time Build Order
Export as new Build Order

Comments (0)

There are no comments. Be the first!

Create an account to comment!